Match 38970790
Unlisted

Match 38970790
End
Kradschützen Motorcycle Team
Panzergrenadier Squad
Panzergrenadier Squad
Construct Light Support Kompanie
Panzergrenadier Squad
Fire Support Elements
MG34 Team
Selects Armored Support Battlegroup
Panzerjäger Mechanized Group
Construct Mechanized Kompanie
Selects Veteran Gunners
Selects Salvage Kits
Veteran Squad Leaders
Marder III Tank Destroyer
2.5-tonne Medical Truck
Vehicle Survival Package
Advanced Field Repairs
Selects Flammpanzer III Medium Tank
Selects Panzer Storm
Flammpanzer III Medium Tank
254 Reconnaissance Tractor
Tungsten Core Ammunition
Emergency Repair Kits
trump2029
jota barba 7
BIOHAZARD
Sauzer88
0
0

Comments sign in to comment!

No comments posted yet!